 Dungeon Crawl Stone Soup version 0.29-a0-823-gc37b1572da (webtiles) character file.

Game seed: 17593306916468707696

17 SkeletonJelly the Poker (level 2, 0/24 HPs)
             Began as a Merfolk Chaos Knight on July 8, 2022.
             Was a Plaything of Xom.
             Succumbed to an adder's poison
             ... on level 1 of the Dungeon.
             The game lasted 00:01:12 (1030 turns).

SkeletonJelly the Poker (Merfolk Chaos Knight)      Turns: 1030, Time: 00:01:13

Health: 0/24       AC:  5    Str: 12    XL:     2   Next: 62%
Magic:  2/2        EV: 12    Int: 11    God:    Xom [....*.]
Gold:   85         SH:  0    Dex: 13    Spells: 1/1 levels left

rFire   . . .      SeeInvis .   a - +0 spear (chaos)
rCold   . . .      Faith    .   (no shield)
rNeg    . . .      Spirit   .   b - +2 leather armour
rPois   .          Reflect  .   (no helmet)
rElec   .          Harm     .   (no cloak)
rCorr   .          Rampage  .   (no gloves)
Will    .....                   (no boots)
Stlth   +.........              (no amulet)
HPRegen 0.08/turn               (no ring)
MPRegen 0.08/turn               (no ring)

@: lethally poisoned (0 -> -6), cleaving
A: (nimble swimmer 2), mertail
a: Renounce Religion


You were on level 1 of the Dungeon.
You worshipped Xom.
You were a beloved toy of Xom.
You visited 1 branch of the dungeon, and saw 2 of its levels.

You collected 85 gold pieces.

Inventory:

Hand Weapons
 a - a +0 spear of chaos (weapon)
Armour
 b - a +2 leather armour (worn)
Scrolls
 d - 3 scrolls of identify {unknown}
 e - a scroll of brand weapon {unknown}
Potions
 f - a potion of degeneration {unknown}
 g - a potion of might {unknown}
Miscellaneous
 c - a piece from Xom's chessboard (13/15) (quivered)


   Skills:
 + Level 3.6 Fighting
 * Level 4.8 Polearms
 - Level 0.6 Armour
 - Level 2.6 Dodging


You had one spell level left.
You didn't know any spells.
Your spell library contained the following spells:

 Spells                   Type           Power      Damage    Failure   Level
 Gell's Gravitas          Tloc           0%         N/A       80%         3
 Lesser Beckoning         Tloc           0%         N/A       80%         3
 Teleport Other           Tloc           0%         N/A       80%         3


Dungeon Overview and Level Annotations

Branches:
Dungeon (2/15)

Altars:


Innate Abilities, Weirdness & Mutations

((You are very nimble when in or above water. (Stealth+, EV+, Speed+++)))
Your lower body shifts to a powerful aquatic tail in water.


Message History

Your legs become a tail as you enter the water.
Key pressed, stopping explore.
You open the door.
There is an open door here.
Key pressed, stopping explore.
Things that are here:
a +0 short sword; 3 stones; a kobold corpse
Things that are here:
a +0 short sword; 3 stones; a kobold corpse You see here a +0 scale mail.
Your legs become a tail as you enter the water.
You see here a bat skeleton.
You see here a +0 dagger.
You pick up a book of Displacement and begin reading...
You add the spells Lesser Beckoning, Gell's Gravitas and Teleport Other to your library. "See what I see, my child!"
You detect creatures!
You are now a beloved toy of Xom.
Key pressed, stopping explore.
Your legs become a tail as you enter the water.
Your legs become a tail as you enter the water.
Key pressed, stopping explore.
There is an open door here.
There is an open door here.
Key pressed, stopping explore.
Your legs become a tail as you enter the water.
Found a whip.
Done exploring.
Unknown command.
Unknown command.
Unknown command.
Done exploring.
Done exploring.
Done exploring.
Done exploring.
Done exploring.
Done exploring.
Search for what [? for help]? .
There is a stone staircase leading down here.
You climb downwards.
The kobold shouts!
You hear an angry hiss.
Found 9 gold pieces.
Found an escape hatch in the ceiling.
Found a stone staircase leading up.
There is a stone staircase leading up here.
You make a move on Xom's chessboard...
The bat seems to slow down.
The bat closely misses you.
You make a move on Xom's chessboard...
The bat appears confused.
You reach to attack!
You hit the bat.
You kill the bat!
An adder comes into view.
The adder hisses angrily.
You hit the worm.
The worm is lightly wounded.
You hit the worm.
The worm is poisoned.
The worm is lightly wounded.
The worm bites you.
You take 5 damage, and have 19/24 hp.
MASSIVE DAMAGE!!
You hit the worm.
The worm resists with some effort.
The worm is heavily wounded.
You hit the worm.
The worm is severely wounded.
The adder misses you. The worm closely misses you.
The kobold hits you but does no damage.
You barely miss the worm.
The worm is severely wounded.
The adder barely misses you. The kobold hits you but does no damage.
You hit the worm.
The worm suddenly seems more agile.
Xom is highly amused!
The worm is almost dead.
The adder bites you but does no damage. The worm bites you.
The kobold hits you with a +0 dagger.
You take 8 damage, and have 11/24 hp.
MASSIVE DAMAGE!!
You are too injured to fight recklessly!
You are too injured to fight recklessly!
You are too injured to fight recklessly!
You are too injured to fight recklessly!
You are too injured to fight recklessly!
The kobold attacks as you move away! The kobold barely misses you.
The adder bites you but does no damage. The adder bites you.
There is a stone staircase leading up, spattered with blood here.
You take 3 damage, and have 8/24 hp.
The adder bites you.
* * * LOW HITPOINT WARNING * * *
The kobold closely misses you.
You climb upwards.
Xom smiles on you.
Your +0 spear of chaos looks sharp.
There is a stone staircase leading down here.
You take 3 damage, and have 5/24 hp.
The adder closely misses you. The adder attacks as you move away!
The adder bites you but does no damage. x2
The adder attacks as you move away! The adder bites you.
* * * LOW HITPOINT WARNING * * *
You are lethally poisoned!
The adder poisons you!
* * * LOW HITPOINT WARNING * * *
You feel sick.
You take 5 damage, and have 1/24 hp.
MASSIVE DAMAGE!!
You die...
Xom giggles madly!

##### ###### ##### #...#
#....#########...####...####
#.....>.wS.@................
#.......K..###...###########
#............#...# #
#..........#.######
#............####.##########
#........≈####≈##.#........#
#........≈#≈#≈≈##.#.######.#
####.....≈≈≈≈≈≈≈≈###....)......
#.......≈≈≈≈≈≈≈≈## #...######.#


You could see a worm (agile, poisoned), an adder and a kobold.

Vanquished Creatures
  3 ball pythons (D:1)
  A giant cockroach (D:1)
  2 goblins (D:1)
  2 hobgoblins (D:1)
  3 bats
  2 frilled lizards (D:1)
  2 kobolds (D:1)
  A rat (D:1)
16 creatures vanquished.

Notes
Turn   | Place    | Note
-------+----------+-------------------------------------------
     0 | D:1      | SkeletonJelly the Merfolk Chaos Knight began the quest for
                  | the Orb.
     0 | D:1      | Reached XP level 1. HP: 18/18 MP: 1/1
   346 | D:1      | Reached XP level 2. HP: 24/24 MP: 2/2
   920 | D:1      | XOM: divination: detect creatures
  1025 | D:1      | XOM: cleaving
  1029 | D:1      | HP: 1/24 [poisoned by an adder]
  1030 | D:1      | Succumbed to an adder's poison

Illustrated notes

Levels and vault maps discovered:
D:1:      lightli_arrival_boilingwater, layout_basic, serial_park_tiny_2,
          chequers_big_river, chequers_serial_rivers_large_a,
          serial_bayou_pond_a
D:2:      layout_basic

Action                   || total
-------------------------++-------
Melee: Spear             ||    49
Evoke: Piece from Xom's  ||     2
Armor: Leather armour    ||    17
Dodge: Dodged            ||    19

Table legend: (Time is in decaauts)
 A = Elapsed time spent in this place.
 B = Non-inter-level travel time spent in this place.
 C = Inter-level travel time spent in this place.
 D = Time resting spent in this place.
 E = Time spent auto-exploring this place.
 F = Levels seen in this place.
 G = Mean time per level.
                   A        B        C        D        E       F      G
               +--------+--------+--------+--------+--------+-----+--------+
         Total |    988 |    983 |      5 |      0 |    856 |   2 |  494.0 |
       Dungeon |    988 |    983 |      5 |      0 |    856 |   2 |  494.0 |
               +--------+--------+--------+--------+--------+-----+--------+

Top non-repeatable levels by time:
     D:1: 976 daAuts
     D:2: 11 daAuts
